 Dungeon Crawl Stone Soup version 0.27-a0-1217-g8a41f320e8 (webtiles) character file.

Game seed: 4731546245986209467

439 gruber the Magician (level 7, -2/45 HPs)
             Began as a Djinni Fire Elementalist on June 5, 2021.
             Slain by Pikel
             ... wielding a +1 whip of flaming
              (4 damage)
             ... on level 3 of the Dungeon.
             The game lasted 00:05:18 (5250 turns).

gruber the Magician (Djinni Fire Elementalist)      Turns: 5250, Time: 00:05:19

Health: -2/45      AC:  5    Str:  7    XL:     7   Next: 22%
Gold:   246        EV: 12    Int: 19    God:
                   SH:  0    Dex: 13

rFire    + + .     SeeInvis .   (no weapon)
rCold    x . .     Faith    .   (no shield)
rNeg     . . .     Spirit   .   a - +0 robe
rPois    ∞         Reflect  .   (no helmet)
rElec    .         Harm     .   g - +2 cloak
rCorr    .         Rampage  .   (no gloves)
Will     .....                  (boots unavailable)
Stlth    ++........             (no amulet)
HPRegen  0.15/turn              (no ring)
MPRegen  0.00/turn              (no ring)

@: flying
A: sickness immunity, fire resistance 2, cold vulnerability 1, float, innate
caster, hp casting, extra vitality 1
a: no special abilities


You were on level 3 of the Dungeon.
You visited 1 branch of the dungeon, and saw 4 of its levels.

You collected 246 gold pieces.

Inventory:

Armour
 a - a +0 robe (worn)
 g - a +2 cloak (worn)
Scrolls
 c - a scroll of teleportation {unknown}
 e - a scroll of immolation {unknown}
 f - a scroll of holy word {unknown}
 i - 2 scrolls of identify {unknown}
 k - a scroll of brand weapon {unknown}
Potions
 b - 3 potions of brilliance {unknown}
 d - 2 potions of haste {unknown}
 h - a potion of degeneration {unknown}
 j - 3 potions of heal wounds {unknown}


   Skills:
 - Level 2.1 Dodging
 - Level 1.5 Stealth
 + Level 5.9 Spellcasting


You couldn't memorise any spells.
You knew the following spells:

 Your Spells              Type           Power      Damage    Failure   Level
a - Foxfire               Conj/Fire      100%       2x1d9     1%          1
b - Conjure Flame         Conj/Fire      28%        6-21      3%          3
c - Inner Flame           Hex/Fire       28%        N/A       3%          3
d - Sticky Flame          Conj/Fire      28%        2d5       10%         4
e - Fireball              Conj/Fire      14%        3d8       26%         5
f - Beastly Appendage     Tmut           56%        N/A       1%          1
g - Blink                 Tloc           N/A        N/A       1%          2
h - Searing Ray           Conj           56%        3d5       1%          2
Your spell library was empty.

Dungeon Overview and Level Annotations

Branches:
Dungeon (4/15)
 Temple: D:4-7

Altars:
Ashenzari
Dithmenos
Nemelex Xobeh
The Shining One

Annotations:
D:2 Sigmund
D:3 Pikel


Innate Abilities, Weirdness & Mutations

You are immune to sickness and miasma.
You are immune to poison.
Your flesh is very heat resistant. (rF++)
You are vulnerable to cold. (rC-)
You float through the air rather than walking.
You learn spells naturally, not from books.
Your magical power is your life essence.
You have superior vitality. (+4 HP)


Message History

* * * LOW HITPOINT WARNING * * *
The ball python bites you but does no damage.
The ball python barely misses you. The kobold hits you but does no damage.
The lemure closely misses you. The ball python barely misses you.
The ball python closely misses you. The lemure barely misses you.
Pikel says, "You'll make a fine lemure."
The kobold hits you but does no damage. The ball python barely misses you.
The ball python grabs you. The ball python constricts you.
The ball python's grasp on you weakens, but your attempt to escape fails.
The ball python bites you but does no damage.
* * * LOW HITPOINT WARNING * * *
The ball python constricts you. The lemure closely misses you.
The ball python bites you but does no damage.
The ball python constricts you.
Unknown command.
Unknown command.
The ball python's grasp on you weakens, but your attempt to escape fails.
Pikel hits you with a +1 whip of flaming.
* * * LOW HITPOINT WARNING * * *
The lemure hits you.
* * * LOW HITPOINT WARNING * * *
The kobold hits you with a +0 short sword.
* * * LOW HITPOINT WARNING * * *
The ball python bites you.
* * * LOW HITPOINT WARNING * * *
The ball python constricts you.
You escape the ball python's grasp.
The kobold barely misses you.
Pikel zaps a wand.
Some rock shatters into small pieces.
Pikel looks more energetic.
The lemure barely misses you.
There is a stone staircase leading up here.
Pikel drinks a potion.
Pikel goes berserk!
The ball python barely misses you. x2
You fly upwards.
There is a stone staircase leading down here.
Casting: Blink (safe; 1% risk of failure)
Confirm with . or Enter, or press ? or * to list all spells.
You don't have enough health to cast this spell.
Pikel hits you with a +1 whip of flaming.
You die...

########## #.# ##### #<.......#
#.# #.<.. #.######.# #.# #.###
#.# ####.##### ##.## #####.###
#.# #........# ##...###........
#.###.##.###.# #.....##.###.###
#........###.####...###.###.###
#####.###...5K...#.###...##.)..
#.....##.S@..........#####.
####..######.#.###<..# #...
#..# #.#'####### #.##
#..######....## #...
#.............## ###.
##.######.......## ##.#.
##...####.........####...#
#.......'.........'..)....
##...####.........####...#


You could see Pikel (berserk), a lemure and a ball python.

Vanquished Creatures
  A wyvern (D:4)
  2 lemures (D:4)
  A kobold brigand (D:4)
  A scorpion (D:4)
  A water moccasin zombie (D:3)
  A hound skeleton (D:4)
  4 adders
  2 dart slugs
  2 orcs (D:3)
  3 ball pythons
  2 endoplasms
  4 giant cockroaches
  7 goblins
  3 hobgoblins
  6 jackals (D:1)
  3 quokkas
  6 bats
  7 frilled lizards
  8 kobolds
  4 rats
68 creatures vanquished.

Vanquished Creatures (collateral kills)
  A foxfire (D:1)
1 creature vanquished.

Vanquished Creatures (others)
  387 foxfires
387 creatures vanquished.

Grand Total: 456 creatures vanquished

Notes
Turn   | Place    | Note
-------+----------+-------------------------------------------
     0 | D:1      | gruber the Djinni Fire Elementalist began the quest for the
                  | Orb.
     0 | D:1      | Reached XP level 1. HP: 15/15 MP: 0/0
   360 | D:1      | Found a faded altar of an unknown god.
   368 | D:1      | Reached XP level 2. HP: 11/21 MP: 0/0
   724 | D:1      | Reached skill level 3 in Spellcasting
  1034 | D:1      | Reached XP level 3. HP: 13/25 MP: 0/0
  1034 | D:1      | Learned a level 1 spell: Beastly Appendage
  2312 | D:2      | Reached XP level 4. HP: 28/31 MP: 0/0
  2922 | D:2      | Noticed Sigmund
  3568 | D:3      | Reached skill level 4 in Spellcasting
  3941 | D:3      | Found a sparkling altar of Nemelex Xobeh.
  4081 | D:3      | Reached XP level 5. HP: 35/35 MP: 0/0
  4081 | D:3      | Learned a level 2 spell: Blink
  4674 | D:4      | Reached skill level 5 in Spellcasting
  4674 | D:4      | Reached XP level 6. HP: 30/40 MP: 0/0
  4754 | D:4      | Noticed a wyvern
  4763 | D:4      | Killed a wyvern
  4764 | D:4      | Reached XP level 7. HP: 8/45 MP: 0/0
  4764 | D:4      | Learned a level 2 spell: Searing Ray
  5101 | D:4      | Found a broken altar of Ashenzari.
  5101 | D:4      | Found a glowing golden altar of the Shining One.
  5102 | D:4      | Found a shadowy altar of Dithmenos.
  5175 | D:4      | Noticed Pikel
  5239 | D:4      | HP: 1/45 [ball python (2)]
  5250 | D:3      | Slain by Pikel

Illustrated notes

Levels and vault maps discovered:
D:1:      wander_arrival_fairy_ring, layout_basic,
          hellmonk_ecumenical_altar_arch_garden, minmay_misc_feat_columns,
          minmay_lizard_pond
D:2:      layout_basic, kennysheep_generic_room_6, uniq_sigmund
D:3:      layout_loops_corners, amcnicky_altar_gilded
D:4:      layout_cave_pools, chequers_temple_overflow_statue_of_worship,
          zin_treasury, uniq_crazy_yiuf_cottage, uniq_pikel

Skill      XL: |  1  2  3  4  5 |
---------------+----------------+-----
Spellcasting   | 3 4 5 |  5.9
Dodging        | |  2.1
Stealth        | |  1.5

Action                   |  1- 3 |  4- 6 |  7- 9 || total
-------------------------+-------+-------+-------++-------
Melee: Unarmed           |     1 |     5 |     1 ||     7
 Cast: Foxfire           |   100 |   107 |    25 ||   232
       Blink             |       |       |     5 ||     5
       Beastly Appendage |       |       |     1 ||     1
       Searing Ray       |       |       |     1 ||     1
 Stab: Sleeping          |       |     1 |       ||     1
Armor: Robe              |     4 |     8 |     6 ||    18
Dodge: Dodged            |    15 |    15 |    14 ||    44

Table legend: (Time is in decaauts)
 A = Elapsed time spent in this place.
 B = Non-inter-level travel time spent in this place.
 C = Inter-level travel time spent in this place.
 D = Time resting spent in this place.
 E = Time spent auto-exploring this place.
 F = Levels seen in this place.
 G = Mean time per level.
                   A        B        C        D        E       F      G
               +--------+--------+--------+--------+--------+-----+--------+
         Total |   5249 |   5184 |     65 |      0 |   4534 |   4 | 1312.2 |
       Dungeon |   5249 |   5184 |     65 |      0 |   4534 |   4 | 1312.2 |
               +--------+--------+--------+--------+--------+-----+--------+

Top non-repeatable levels by time:
     D:1: 1979 daAuts
     D:3: 1516 daAuts
     D:2: 1169 daAuts
     D:4: 584 daAuts
